 Dungeon Crawl Stone Soup version 0.28-a0-1510-gd0f6b136d3 (webtiles) character file.

Game seed: 5039793390457327046

252468 fragbeetle the Earth Mage (level 19, 0/124 HPs)
             Began as a Gargoyle Earth Elementalist on Jan 14, 2022.
             Was the Champion of Vehumet.
             Blown up by a lich (65 damage)
             ... with an orb of destruction
             ... on level 1 of the Depths on Jan 15, 2022.
             The game lasted 04:41:16 (58931 turns).

fragbeetle the Earth Mage (GrEE)                   Turns: 58931, Time: 04:41:17

Health: 0/124      AC: 27    Str: 16    XL:     19   Next: 69%
Magic:  33/40      EV: 36    Int: 22    God:    Vehumet [******]
Gold:   3224       SH:  0    Dex: 14    Spells: 2/34 levels left

rFire   + . .      SeeInvis +   a - staff of conjuration
rCold   + . .      Faith    .   (no shield)
rNeg    + . .      Spirit   .   W - +2 leather armour {rC+ rF+}
rPois   ∞          Reflect  .   g - +0 hat of Grace {Int+3 SInv Stlth+}
rElec   +          Harm     .   U - +2 cloak "Gyatawk" {rCorr}
rCorr   +          Rampage  .   r - +1 pair of gloves {Str+3}
Will    +....                   h - +1 pair of boots {Stlth+}
Stlth   ++++......              I - amulet of the acrobat
HPRegen 0.30/turn               S - ring of magical power
MPRegen 0.27/turn               k - +4 ring of evasion

@: acrobatic, flying, studying Short Blades
A: sickness immunity, AC +14, big wings, negative energy resistance 1,
electricity resistance, torment resistance 1, petrification resistance
}: 2/15 runes: decaying, serpentine
a: Renounce Religion


You were on level 1 of the Depths.
You worshipped Vehumet.
Vehumet was exalted by your worship.
You visited 7 branches of the dungeon, and saw 34 of its levels.
You visited the Abyss 1 time.
You also visited: Ossuary, Gauntlet, Ice Cave and Volcano.

You collected 4590 gold pieces.
You spent 1366 gold pieces at shops.

Inventory:

Hand Weapons
 b - the +10 flail of Flawed Execution {vorpal, Will- Str+2 Dex+3}
   (You found it on level 2 of the Snake Pit)

   It inflicts extra damage upon your enemies.
   Str:       It affects your strength (+2).
   Dex:       It affects your dexterity (+3).
   Will:      It decreases your willpower.
Missiles
 c - 543 stones (quivered)
 N - 8 curare-tipped darts
Armour
 g - the +0 hat of Grace (worn) {Int+3 SInv Stlth+}
   (You found it in a Gauntlet)

   Int:       It affects your intelligence (+3).
   SInv:      It lets you see invisible.
   Stlth:     It makes you more stealthy.
 h - a +1 pair of boots of stealth (worn)
 n - a +0 buckler of poison resistance
 r - a +1 pair of gloves of strength (worn)
 U - the +2 cloak "Gyatawk" (worn) {rCorr}
   (You acquired it on level 11 of the Dungeon)

   rCorr:     It protects you from acid and corrosion.
 W - a +2 leather armour of resistance (worn)
Magical Staves
 a - a staff of conjuration (weapon)
 l - a staff of earth
Jewellery
 k - a +4 ring of evasion (right hand)
 q - a ring of willpower
 s - a ring of protection from fire
 v - a +6 ring of strength
 H - the ring of Foolhardiness {Fly rPois AC+4 Int+2 SInv}
   (You found it on level 3 of the Swamp)

   [ring of protection]

   AC:        It affects your AC (+4).
   Int:       It affects your intelligence (+2).
   rPois:     It protects you from poison.
   SInv:      It lets you see invisible.
   Fly:       It grants you flight.
 I - an amulet of the acrobat (around neck)
 S - a ring of magical power (left hand)
Wands
 f - a wand of charming (8)
 u - a wand of acid (7)
 x - a wand of polymorph (10)
 y - a wand of iceblast (27)
 A - a wand of flame (54)
 B - a wand of mindburst (16)
 J - a wand of digging (17)
 R - a wand of paralysis (14)
Scrolls
 e - 6 scrolls of teleportation
 j - 6 scrolls of fear
 t - 5 scrolls of magic mapping
 E - 2 scrolls of fog
 K - 2 scrolls of holy word
 V - a scroll of summoning
 Y - a scroll of blinking
Potions
 d - 5 potions of heal wounds
 i - 4 potions of ambrosia
 m - 3 potions of cancellation
 o - 12 potions of curing
 p - 4 potions of might
 w - 7 potions of brilliance
 z - a potion of invisibility
 C - a potion of lignification
 G - a potion of resistance
 M - 3 potions of magic
 Q - 3 potions of haste
Miscellaneous
 P - a phantom mirror
 Z - a condenser vane


   Skills:
 + Level 15.0 Fighting
 - Level 12.1 Staves
 - Level 4.2 Armour
 + Level 12.0 Dodging
 - Level 3.0 Stealth
 - Level 8.0 Spellcasting
 + Level 15.0 Conjurations
 - Level 3.0 Summonings
 - Level 2.4 Transmutations
 * Level 13.1 Fire Magic
 + Level 17.5 Earth Magic
 - Level 7.2 Poison Magic
 - Level 6.0 Evocations


You had 2 spell levels left.
You knew the following spells:

 Your Spells              Type           Power      Damage    Failure   Level
a - Ignition              Fire           30%        3d10      54%         8
b - Stone Arrow           Conj/Erth      100%       3d13      1%          3
c - Mephitic Cloud        Conj/Pois/Air  58%        N/A       1%          3
d - Orb of Destruction    Conj           42%        9d12      4%          7
e - Iron Shot             Conj/Erth      44%        9d9       1%          6
f - Lee's Rapid Deconstr  Erth           36%        3d19*     1%          5

Your spell library contained the following spells:

 Spells                   Type           Power      Damage    Failure   Level
 Magic Dart               Conj           100%       1d8       0%          1
 Sandblast                Erth           100%       2d20      0%          1
 Foxfire                  Conj/Fire      100%       2x1d9     1%          1
 Passwall                 Tmut/Erth      42%        N/A       1%          2
 Searing Ray              Conj           100%       2d8       1%          2
 Call Imp                 Summ           22%        N/A       3%          2
 Wereblood                Tmut           19%        N/A       4%          2
 Animate Skeleton         Necr           16%        N/A       9%          1
 Pain                     Necr           32%        1d5       9%          1
 Corpse Rot               Necr/Air       16%        N/A       13%         2
 Ensorcelled Hibernation  Hex/Ice        16%        N/A       13%         2
 Conjure Flame            Conj/Fire      82%        6-21      1%          3
 Ignite Poison            Fire/Tmut/Pois 42%        N/A       1%          3
 Inner Flame              Hex/Fire       37%        N/A       1%          3
 Animate Armour           Summ/Erth      100%       N/A       1%          4
 Flame Wave               Conj/Fire      82%        2d12      1%          4
 Fulminant Prism          Conj/Hex       29%        3d14      1%          4
 Petrify                  Tmut/Erth      51%        N/A       1%          4
 Starburst                Conj/Fire      41%        6d12      1%          6
 Frozen Ramparts          Ice            16%        1d3       7%          3
 Freezing Cloud           Conj/Ice/Air   23%        6-21      9%          5
 Lehudib's Crystal Spear  Conj/Erth      44%        10d11     19%         8
 Swiftness                Air            8%         N/A       26%         3
 Vampiric Draining        Necr           8%         2d6       26%         3
 Eringya's Noxious Bog    Tmut/Pois      14%        N/A       41%         6
 Summon Ice Beast         Ice/Summ       15%        N/A       43%         4
 Summon Lightning Spire   Summ/Air       15%        N/A       43%         4
 Ice Form                 Ice/Tmut       14%        N/A       47%         4
 Dispel Undead            Necr           8%         3d8       65%         4
 Summon Mana Viper        Hex/Summ       15%        N/A       78%         5
 Agony                    Necr           8%         N/A       94%         5
 Excruciating Wounds      Necr           4%         N/A       94%         5
 Metabolic Englaciation   Hex/Ice        4%         N/A       94%         5
 Death Channel            Necr           4%         N/A       100%        6
 Simulacrum               Ice/Necr       4%         N/A       100%        6
 Storm Form               Tmut/Air       7%         N/A       100%        7
 Summon Hydra             Summ           11%        N/A       100%        7
 Maxwell's Capacitive Co  Air            4%         ∞         100%        8
 Polar Vortex             Ice            4%         N/A       100%        9
 Sublimation of Blood     Necr           Unusable   N/A       N/A         2
 Statue Form              Tmut/Erth      Unusable   N/A       N/A         6

Dungeon Overview and Level Annotations

Branches:
Dungeon (15/15)            Temple (1/1) D:6            Lair (6/6) D:11
  Swamp (4/4) Lair:4        Snake (4/4) Lair:2        Slime (0/5) Lair:6
    Orc (2/2) D:10            Elf (0/3) Orc:2        Vaults (0/5) D:14
 Depths (2/4) D:15        Ossuary (visited)           IceCv (visited)
Volcano (visited)         Gauntlet (visited)

Altars:
Ashenzari
Cheibriados
Dithmenos
Elyvilon
Fedhas
Gozag
Hepliaklqana
Kikubaaqudgha
Makhleb
Nemelex Xobeh
Okawaru
Qazlal
Ru
Sif Muna
Trog
Uskayaw
Vehumet
Wu Jian
Xom
Yredelemnul
Zin
The Shining One
Jiyva
Lugonu

Shops:
D:3 !   D:9 =   Orc:1 [[*   Orc:2 [*=(

Portals:
Hell: Depths:1
Abyss: Lair:6 Depths:1
Trove: D:15 (give +3 storm dragon scales)

Annotations:
D:14 2 transporters, Wogiaph's ghost, journeyman OgTm
Lair:3 exclusion: boulder beetle
Lair:5 exclusion: downstairs
Snake:1 Asterion
Snake:3 Roxanne


Innate Abilities, Weirdness & Mutations

You are immune to sickness and miasma.
Your stone body is resilient. (AC +14)
You are immune to poison.
Your large and strong wings let you fly.
You resist negative energy. (rN+)
You are resistant to electric shocks. (rElec)
You are resistant to unholy torment.
You are immune to petrification.


Message History

Okay, then.
You start resting.
You feel your willpower return.
You fly downwards.
The deep troll completely misses you. The deep troll claws you!
The deep troll barely misses you. The iron troll bites you.
The iron troll misses you.
The iron troll claws you but does no damage.
The deep troll completely misses you. The deep troll claws you.
The deep troll claws you but does no damage.
The rakshasa weaves an illusion.
The deep troll shimmers and seems to become two!
The deep troll barely misses you.
The deep troll claws you but does no damage.
The deep troll misses you.
The vampire knight throws an atropa-tipped dart.
The atropa-tipped dart closely misses you.
The atropa-tipped dart hits the deep troll.
The deep troll appears confused.
The lich touches you.
There is a stone staircase leading up here.
The deep troll misses you. The deep troll barely misses you.
The deep troll claws you but does no damage.
The deep troll closely misses you. The deep troll misses you.
The deep troll claws you. The iron troll barely misses you.
The iron troll completely misses you. x2; The deep troll closely misses you.
The deep troll claws you but does no damage. x2
The vampire knight hits you from afar with a +0 bardiche!!
The lich touches you!
You fly upwards.
There is a stone staircase leading down here.
Casting: Iron Shot (mildly dangerous; 1% risk of failure)
Confirm with . or Enter, or press ? or * to list all spells.
Okay, then.
The lich launches a ball of destructive magic.
An orb of destruction comes into view.
The deep troll closely misses you. x2; The deep troll misses you.
The lich gestures wildly while chanting.
The lich seems to speed up.
The orb of destruction hits you!!!
Ouch! That really hurt!
You die...

....#....#### ##..#....##
### #...#.....####.#
..###.........##
#.............## ######
#####.....○§○..# ##....#####
#.....°°○○..###.....##..##
##....°°○○..##...........##
##...°°☼°...@....≈≈≈≈≈...##
#...°○○...○#...≈≈###≈≈...#
#.........○T...≈#####≈...#
##.........○T..≈###.###≈^.#
#...........L..≈##...#≈≈..#
##.............≈##.∩.≈#≈..#
###.............≈##...##≈..#
#...............≈###.###≈..#
#............#...≈#####≈...#


There were no monsters in sight!

Vanquished Creatures
  Donald (Swamp:3)
  3 nagarajas
  A fenstrider witch (Swamp:2)
  A fire giant (D:15)
  Aizul (Snake:2)
  Louise (Swamp:1)
  3 ghouls (Swamp:3)
  A quicksilver ooze (shapeshifter) (Lair:6)
  2 stone giants
  2 very ugly things (Swamp:4)
  A red draconian (Volcano)
  8 eleionomae
  A minotaur (Gauntlet)
  4 bunyips
  2 ettins
  2 green deaths (Swamp:4)
  Snorg (D:10)
  A blizzard demon (IceCv)
  4 fire dragons
  2 shambling mangroves (Swamp:3)
  3 jiangshi
  5 great orbs of eyes
  5 ice dragons
  A caustic shrike simulacrum (IceCv)
  Fannar (Lair:1)
  A rakshasa (Depths:1)
  2 boulder beetles
  11 naga warriors
  3 ghost crabs
  26 hydras
  8 anacondas
  2 ogre magi (Orc:2)
  3 salamander tyrants
  7 centaur warriors
  A hell beast (Swamp:4)
  3 catoblepae
  A death knight (D:11)
  2 dancing weapons (D:14)
  4 death yaks
  14 two-headed ogres
  13 alligators
  A deep troll shaman (Depths:1)
  A vampire mage (Depths:1)
  2 deep troll earth magi
  4 thrashing horrors
  2 tengu warriors
  6 naga sharpshooters
  A shock serpent (Snake:4)
  Sonja (D:10)
  2 iron trolls
  6 salamander mystics
  3 skeletal warriors (D:12)
  11 goliath frogs
  A death drake (Swamp:4)
  3 deep trolls
  10 swamp dragons
  6 spriggan druids
  8 spriggan simulacra (IceCv)
  An obsidian statue (IceCv)
  7 naga ritualists
  A wizard (D:15)
  3 orc knights
  16 bog bodies
  2 phantasmal warriors
  4 lindwurms (Lair:4)
  2 orc sorcerers
  16 ugly things
  3 mana vipers
  2 deep elf pyromancers
  8 cyclopes
  14 salamanders
  A moth of wrath (shapeshifter) (Lair:6)
  7 will-o-the-wisps
  2 guardian serpents
  A moth of wrath (Gauntlet)
  4 elephants
  11 naga magi
  4 gargoyles
  26 black mambas
  19 cane toads
  2 molten gargoyles (Volcano)
  Maurice (Orc:1)
  A smoke demon (Lair:6)
  2 minotaur zombies (Gauntlet)
  2 orange demons (Swamp:4)
  2 large abominations
  3 yaktaurs
  6 komodo dragons
  A komodo dragon (shapeshifter) (D:13)
  2 torpor snails (Lair:2)
  3 unseen horrors (D:12)
  2 rime drakes
  4 ancient zymes (Lair:6)
  4 freezing wraiths
  A tengu conjurer (D:11)
  3 anaconda simulacra (IceCv)
  6 entropy weaver simulacra (IceCv)
  9 ice devils (IceCv)
  2 efreet
  A polar bear (shapeshifter) (D:15)
  A meliai (shapeshifter) (D:7)
  A queen bee (Gauntlet)
  9 tyrant leeches
  A polar bear (Lair:4)
  11 trolls
  2 bloated husks
  7 hornets
  Prince Ribbit (D:11)
  22 slime creatures
  A raiju (Gauntlet)
  27 blink frogs
  A centaur simulacrum (D:15)
  2 shadows (Swamp:4)
  11 spriggans
  A ynoxinul (Lair:6)
  3 wyverns
  A fire bat (shapeshifter) (D:13)
  3 wraiths
  5 basilisks
  2 fire bats (Volcano)
  57 yaks
  A chaos spawn (Lair:6)
  3 steam dragons
  2 redbacks (Gauntlet)
  15 swamp worms
  9 minotaur simulacra (IceCv)
  2 wargs
  14 vampire mosquitoes
  21 nagas
  2 harpy simulacra (IceCv)
  An acid dragon (D:14)
  16 water moccasins
  A hornet zombie (D:8)
  4 swamp drakes
  2 sky beasts
  2 black bears
  3 necrophages
  19 orc warriors
  An ettin simulacrum (IceCv)
  22 ogres
  11 centaurs
  16 wolves
  4 kobold brigands
  An elf zombie (Ossuary)
  3 gnoll sergeants (D:9)
  17 bullfrogs
  5 deep troll simulacra (IceCv)
  14 small abominations
  A water moccasin skeleton (D:5)
  15 killer bees
  3 lindwurm simulacra (IceCv)
  A troll zombie (Swamp:3)
  2 troll skeletons (Swamp:3)
  6 wights (D:8)
  2 howler monkeys (D:12)
  3 electric eels
  7 lava snakes
  A bullfrog zombie (D:7)
  8 centaur zombies
  12 orc priests
  4 hounds
  2 human zombies
  2 jellies
  Crazy Yiuf (D:3)
  2 bullfrog skeletons
  3 iguanas
  14 orc wizards
  A killer bee zombie (D:8)
  6 mummies
  3 hound skeletons
  4 howler monkey zombies
  2 howler monkey skeletons
  12 gnolls (D:9)
  9 adders
  A river rat (shapeshifter) (Lair:6)
  A white imp (D:7)
  2 adder zombies (Ossuary)
  A worm (D:3)
  2 dart slugs
  63 orcs
  2 ball pythons
  4 endoplasms
  5 giant cockroaches
  11 goblins
  4 hobgoblins
  4 jackals (D:1)
  2 quokkas
  2 bats (D:1)
  2 frilled lizards
  A gnoll zombie (Ossuary)
  A goblin zombie (Ossuary)
  A hobgoblin zombie (D:5)
  21 kobolds
  A kobold zombie (D:5)
  4 orc zombies (Ossuary)
  5 rats
  2 rat zombies (Ossuary)
1085 creatures vanquished.

Vanquished Creatures (collateral kills)
  A redback (Gauntlet)
1 creature vanquished.

Vanquished Creatures (others)
  A blizzard demon (IceCv)
  2 deep troll shamans (Depths:1)
  2 tengu conjurers (Depths:1)
  2 bloated husks
  A wolf (Lair:6)
  14 foxfires
  2 fulminant prisms
  53 fungi
  62 plants
  14 withered plants (Gauntlet)
153 creatures vanquished.

Grand Total: 1239 creatures vanquished

Notes
Turn   | Place    | Note
-------+----------+-------------------------------------------
     0 | D:1      | fragbeetle the Gargoyle Earth Elementalist began the quest
                  | for the Orb.
     0 | D:1      | Reached XP level 1. HP: 10/10 MP: 3/3
   323 | D:1      | Reached skill level 1 in Transmutations
   323 | D:1      | Reached XP level 2. HP: 16/16 MP: 5/5
   464 | D:1      | Reached skill level 4 in Earth Magic
   695 | D:1      | Reached skill level 1 in Fighting
   949 | D:1      | Reached XP level 3. HP: 14/20 MP: 6/6
   954 | D:1      | Learned a level 3 spell: Stone Arrow
  1404 | D:2      | Found a faded altar of an unknown god.
  1728 | D:2      | Identified the +5 short sword of Bloody Death {flame, rN++
                  | Will- Int+8 SInv}
  2302 | D:2      | Reached XP level 4. HP: 7/25 MP: 1/7
  2800 | D:3      | Found a runed translucent door.
  2801 | D:3      | Noticed Crazy Yiuf
  2841 | D:3      | Noticed an ogre
  2845 | D:3      | Killed an ogre
  2846 | D:3      | Reached skill level 1 in Staves
  2846 | D:3      | Reached skill level 1 in Conjurations
  2846 | D:3      | Reached skill level 5 in Earth Magic
  2846 | D:3      | Reached skill level 1 in Evocations
  2846 | D:3      | Reached XP level 5. HP: 30/30 MP: 1/8
  3018 | D:3      | Found Cofura Bask's Distillery.
  3038 | D:3      | Bought a potion of curing for 33 gold pieces
  3038 | D:3      | Bought a potion of heal wounds for 55 gold pieces
  3370 | D:3      | Reached XP level 6. HP: 32/35 MP: 5/9
  3860 | D:3      | Found a snail-covered altar of Cheibriados.
  4291 | D:4      | Noticed a black bear
  4296 | D:4      | Killed a black bear
  4465 | D:4      | Reached skill level 6 in Earth Magic
  4495 | D:4      | Reached XP level 7. HP: 23/40 MP: 7/10
  4987 | D:4      | Learned a level 3 spell: Mephitic Cloud
  5631 | D:4      | Found a sacrificial altar of Ru.
  5888 | D:5      | Entered Level 5 of the Dungeon
  6060 | D:5      | Reached skill level 1 in Poison Magic
  6122 | D:5      | Found a sand-covered staircase.
  6160 | Ossuary  | Entered an ossuary
  6230 | Ossuary  | Reached XP level 8. HP: 34/46 MP: 4/11
  6467 | D:5      | Reached skill level 7 in Earth Magic
  7668 | D:6      | Reached skill level 8 in Earth Magic
  7808 | D:6      | Reached XP level 9. HP: 50/52 MP: 8/12
  7854 | D:6      | Found a staircase to the Ecumenical Temple.
  7863 | Temple   | Entered the Ecumenical Temple
  8063 | Temple   | Became a worshipper of Vehumet
  8114 | Temple   | Upgraded the game from 0.28-a0-1506-g3893175d92 to
                  | 0.28-a0-1510-gd0f6b136d3
  8319 | D:7      | Found an iron altar of Okawaru.
  9658 | D:8      | Noticed a meliai
  9679 | D:7      | Killed a meliai
  9680 | D:7      | Reached skill level 5 in Fighting
 10057 | D:8      | Reached skill level 5 in Conjurations
 10228 | D:8      | Reached skill level 9 in Earth Magic
 10360 | D:8      | Reached XP level 10. HP: 59/59 MP: 13/13
 10503 | D:8      | Found a basalt altar of Yredelemnul.
 10586 | D:8      | Reached * piety under Vehumet
 10586 | D:8      | Offered knowledge of Freeze by Vehumet.
 10605 | D:8      | Learned a level 2 spell: Call Imp
 10819 | D:9      | Reached skill level 5 in Staves
 10868 | D:9      | Found a bloodstained altar of Trog.
 10891 | D:9      | Found a shadowy altar of Dithmenos.
 10939 | D:9      | Found Suic's Jewellery Boutique.
 11022 | D:9      | Reached skill level 1 in Summonings
 11604 | D:9      | Reached ** piety under Vehumet
 11613 | D:9      | Offered knowledge of Foxfire by Vehumet.
 11638 | D:9      | Learned a level 1 spell: Foxfire
 11904 | D:10     | Entered Level 10 of the Dungeon
 11923 | D:10     | Reached skill level 5 in Dodging
 11941 | D:10     | Identified the +5 chain mail "Ujycheov" {rN+ Will+}
 11966 | D:10     | Noticed a two-headed ogre
 11971 | D:10     | Killed a two-headed ogre
 11972 | D:10     | Reached skill level 1 in Fire Magic
 12060 | D:10     | Reached skill level 5 in Evocations
 12106 | D:10     | Found a glowing golden altar of the Shining One.
 12128 | D:10     | Found a sparkling altar of Nemelex Xobeh.
 12176 | D:10     | Found a staircase to the Orcish Mines.
 12302 | D:10     | Reached skill level 10 in Earth Magic
 12307 | D:9      | Reached XP level 11. HP: 54/66 MP: 5/14
 12772 | D:10     | Found a white marble altar of Elyvilon.
 13002 | D:11     | Noticed a two-headed ogre
 13007 | D:11     | Killed a two-headed ogre
 13080 | D:11     | Noticed Sonja
 13324 | D:11     | Noticed a tengu warrior
 13334 | D:11     | Killed a tengu warrior
 13334 | D:11     | Offered knowledge of Inner Flame by Vehumet.
 13738 | D:11     | Found a staircase to the Lair.
 13805 | D:11     | Noticed a two-headed ogre
 14025 | D:11     | Killed a two-headed ogre
 14202 | Lair:1   | Entered Level 1 of the Lair of Beasts
 14202 | Lair:1   | Noticed Prince Ribbit
 14350 | D:11     | Killed Prince Ribbit
 14491 | Lair:1   | Noticed Fannar
 14703 | Lair:1   | Killed Fannar
 15324 | Lair:1   | Reached *** piety under Vehumet
 15325 | Lair:1   | Reached XP level 12. HP: 73/73 MP: 15/15
 15433 | Lair:1   | Reached skill level 11 in Earth Magic
 15587 | Lair:1   | Identified the ring "Ideivvoe" {Wiz Drain +Blink rElec
                  | rPois}
 15824 | Lair:2   | Reached skill level 5 in Poison Magic
 15954 | Lair:2   | Offered knowledge of Fulminant Prism by Vehumet.
 15970 | Lair:1   | Learned a level 4 spell: Fulminant Prism
 16223 | Lair:2   | Noticed an eight-headed hydra
 16228 | Lair:2   | Killed an eight-headed hydra
 16336 | Lair:2   | Reached skill level 5 in Fire Magic
 16764 | Lair:2   | Found a staircase to the Snake Pit.
 16985 | Lair:2   | Reached **** piety under Vehumet
 17212 | Lair:2   | Reached XP level 13. HP: 51/80 MP: 12/16
 17559 | Lair:3   | Reached skill level 12 in Earth Magic
 17594 | Lair:3   | Offered knowledge of Freezing Cloud by Vehumet.
 19487 | Lair:4   | Found a staircase to the Swamp.
 19886 | Lair:4   | Reached ***** piety under Vehumet
 19891 | Lair:4   | Offered knowledge of Iskenderun's Mystic Blast by Vehumet.
 20354 | Lair:4   | Found an ornate altar of the Wu Jian Council.
 20439 | Lair:4   | Reached skill level 10 in Conjurations
 20513 | Lair:4   | Reached skill level 10 in Fighting
 21097 | Lair:4   | Gained mutation: Your large and strong wings let you fly.
                  | [Gargoyle growth]
 21097 | Lair:4   | Reached XP level 14. HP: 88/88 MP: 18/18
 22083 | Lair:5   | Reached skill level 13 in Earth Magic
 22766 | Lair:6   | Entered Level 6 of the Lair of Beasts
 22799 | Lair:6   | Found a staircase to the Slime Pits.
 22799 | Lair:6   | Found a viscous altar of Jiyva.
 22819 | Lair:6   | Found a dark tunnel.
 22826 | Volcano  | Entered a volcano
 23145 | Volcano  | Found a radiant altar of Vehumet.
 23188 | Volcano  | Noticed a red draconian
 23302 | Volcano  | Killed a red draconian
 24409 | Lair:6   | Noticed a quicksilver ooze
 24414 | Lair:6   | Killed a quicksilver ooze
 25062 | Lair:6   | Offered knowledge of Starburst by Vehumet.
 25084 | Lair:5   | Learned a level 6 spell: Starburst
 25585 | Lair:6   | Reached skill level 10 in Staves
 25937 | Lair:6   | Reached XP level 15. HP: 94/94 MP: 21/22
 25966 | Lair:6   | Found a corrupted altar of Lugonu.
 25966 | Lair:6   | Found a one-way gate to the infinite horrors of the Abyss.
 26370 | D:3      | Bought a potion of mutation for 88 gold pieces
 26370 | D:3      | Bought a potion of invisibility for 88 gold pieces
 26370 | D:3      | Bought a potion of brilliance for 44 gold pieces
 26370 | D:3      | Bought a potion of haste for 110 gold pieces
 26370 | D:3      | Bought a potion of berserk rage for 55 gold pieces
 26442 | D:3      | Killed Crazy Yiuf
 26645 | Orc:1    | Entered Level 1 of the Orcish Mines
 26645 | Orc:1    | Found Wavvast's Antique Armour Shop.
 26847 | Orc:2    | Entered Level 2 of the Orcish Mines
 26937 | D:10     | Reached skill level 5 in Spellcasting
 27333 | Orc:2    | Found a staircase to the Elven Halls.
 28394 | Orc:2    | Reached skill level 14 in Earth Magic
 28424 | Orc:2    | Noticed Snorg
 28586 | D:10     | Killed Snorg
 29118 | Orc:1    | Offered knowledge of Conjure Ball Lightning by Vehumet.
 29268 | Orc:1    | Found Meruodu's Overcharged Wands.
 29278 | Orc:1    | Found Uweod's Armour Boutique.
 29286 | Orc:1    | Bought the +2 pair of gloves "Muakycve" {Rampage rElec rN++
                  | Str-3} for 490 gold pieces
 29361 | Orc:1    | Noticed Maurice
 29366 | Orc:1    | Killed Maurice
 29399 | Orc:2    | Found Suoji's General Store.
 29399 | Orc:2    | Found Jifriaso's Armour Emporium.
 29555 | Orc:2    | Found Mioffez's Jewellery Boutique.
 29558 | Orc:2    | Bought a scroll of identify for 28 gold pieces
 29558 | Orc:2    | Bought a scroll of identify for 28 gold pieces
 29558 | Orc:2    | Bought a scroll of summoning for 133 gold pieces
 29582 | Orc:2    | Bought a +1 pair of boots of stealth for 214 gold pieces
 29609 | Orc:2    | Found Xyrhos's Antique Weapon Shoppe.
 30955 | D:12     | Identified 3 scrolls of acquirement
 31007 | D:11     | Acquired a +1 pair of gloves of strength
 31019 | D:11     | Acquired the +2 cloak "Gyatawk" {rCorr}
 31032 | D:11     | Acquired the Almanac of Curses and Stones
 31159 | D:10     | Killed Sonja
 32282 | D:12     | Learned a level 6 spell: Iron Shot
 32908 | D:14     | Reached XP level 16. HP: 101/101 MP: 17/24
 32993 | D:14     | Found a frozen archway.
 33000 | IceCv    | Entered an ice cave
 34374 | IceCv    | Found the +2 hat of the Bear Spirit {Spirit, *Rage Will++}
 34835 | IceCv    | Reached skill level 10 in Fire Magic
 35314 | D:14     | Reached ****** piety under Vehumet
 35324 | D:14     | Reached skill level 15 in Earth Magic
 35331 | D:14     | Found a gate to the Vaults.
 35390 | D:14     | Reached skill level 10 in Dodging
 35896 | D:14     | Found a transporter.
 35912 | D:14     | Offered knowledge of Lee's Rapid Deconstruction by Vehumet.
 35916 | D:14     | Noticed Wogiaph's ghost (journeyman OgTm)
 35934 | D:14     | Found a transporter.
 36404 | D:15     | Entered Level 15 of the Dungeon
 36404 | D:15     | Found a gate leading to a gauntlet.
 36426 | Gauntlet | Entered a Gauntlet
 36426 | Gauntlet | Found a transporter.
 36435 | Gauntlet | Found a transporter.
 36437 | Gauntlet | Found a transporter.
 36439 | Gauntlet | Found a transporter.
 36473 | Gauntlet | Found a transporter.
 36484 | Gauntlet | Found a transporter.
 36492 | Gauntlet | Found a transporter.
 36507 | Gauntlet | Found a transporter.
 36526 | Gauntlet | Found a transporter.
 36538 | Gauntlet | Found a transporter.
 36550 | Gauntlet | Found a transporter.
 36558 | Gauntlet | Found a large runed translucent door.
 36559 | Gauntlet | Found a large runed translucent door.
 36560 | Gauntlet | Found a large runed translucent door.
 36560 | Gauntlet | Found a large runed translucent door.
 36561 | Gauntlet | Found a runed translucent gate.
 36562 | Gauntlet | Found a transporter.
 36562 | Gauntlet | Found a runed translucent gate.
 36563 | Gauntlet | Found a runed translucent gate.
 36564 | Gauntlet | Found a large runed translucent door.
 36564 | Gauntlet | Found a large runed translucent door.
 36565 | Gauntlet | Found a large runed translucent door.
 36566 | Gauntlet | Found a large runed translucent door.
 36574 | Gauntlet | Found a transporter.
 36593 | Gauntlet | Found a transporter.
 36604 | Gauntlet | Found a large runed translucent door.
 36605 | Gauntlet | Found a large runed translucent door.
 36606 | Gauntlet | Found a large runed translucent door.
 36606 | Gauntlet | Found a large runed translucent door.
 36607 | Gauntlet | Found a runed translucent door.
 36608 | Gauntlet | Found a transporter.
 36609 | Gauntlet | Found a runed translucent door.
 36610 | Gauntlet | Found a transporter.
 36610 | Gauntlet | Found a large runed translucent door.
 36610 | Gauntlet | Found a large runed translucent door.
 36611 | Gauntlet | Found a large runed translucent door.
 36612 | Gauntlet | Found a large runed translucent door.
 36639 | Gauntlet | Found a transporter.
 36641 | Gauntlet | Found a transporter.
 36985 | Gauntlet | Identified the +0 hat of Grace {Int+3 SInv Stlth+}
 37095 | Gauntlet | Identified the +1 ring mail of Youthful Indiscretion
                  | {Str+6}
 37096 | Gauntlet | Got Sif Muna's Collected Works on the Volcanoes and
                  | Illusion
 37403 | D:15     | Found a portal to a secret trove of treasure.
 37600 | D:15     | Found a staircase to the Depths.
 38132 | D:15     | Found a radiant altar of Vehumet.
 39167 | Lair:1   | Learned a level 5 spell: Lee's Rapid Deconstruction
 39314 | Swamp:1  | Entered Level 1 of the Swamp
 39321 | Lair:4   | Reached XP level 17. HP: 102/108 MP: 26/26
 39930 | Swamp:1  | Identified the +0 leather armour of Not Feav {-Tele Str+8}
 40052 | Swamp:1  | Noticed Louise
 40062 | Swamp:1  | Cast into level 3 of the Abyss (Louise)
 40125 | Swamp:1  | Escaped the Abyss
 40125 | Swamp:1  | Identified the +7 war axe of Forced Transition {freeze,
                  | rN+}
 40443 | Swamp:1  | Killed Louise
 42213 | Swamp:2  | Offered knowledge of Eringya's Noxious Bog by Vehumet.
 42919 | Swamp:3  | Identified the ring of Foolhardiness {Fly rPois AC+4 Int+2
                  | SInv}
 43693 | Swamp:3  | Learned a level 6 spell: Eringya's Noxious Bog
 43798 | Swamp:3  | Noticed Donald
 44103 | Swamp:3  | Reached skill level 16 in Earth Magic
 44107 | Swamp:3  | Killed Donald
 44792 | Swamp:3  | Identified the +7 dagger of Jyd Tore {vorpal, Str+3 SInv}
 45222 | Swamp:4  | Entered Level 4 of the Swamp
 45379 | Swamp:4  | Reached XP level 18. HP: 116/116 MP: 29/29
 46161 | Swamp:4  | Offered knowledge of Orb of Destruction by Vehumet.
 48140 | Swamp:4  | Got a decaying rune of Zot
 48460 | Lair:1   | You are sucked into a shaft and drop 1 floor!
 48479 | Snake:1  | Entered Level 1 of the Snake Pit
 49233 | Snake:1  | Identified the +0 kite shield "Vucikoc" {Dex+7}
 49233 | Snake:1  | Noticed Asterion
 49470 | Snake:2  | Identified the +10 flail of Flawed Execution {vorpal, Will-
                  | Str+2 Dex+3}
 49553 | Snake:2  | Reached skill level 1 in Armour
 50129 | Snake:2  | Noticed Aizul
 50135 | Snake:2  | Killed Aizul
 51167 | Snake:3  | Noticed Roxanne
 52629 | Snake:3  | Learned a level 7 spell: Orb of Destruction
 52638 | Snake:3  | Reached skill level 17 in Earth Magic
 52721 | Snake:3  | Acquired 788 gold pieces
 52799 | Snake:3  | Reached XP level 19. HP: 122/122 MP: 11/30
 53114 | Snake:4  | Entered Level 4 of the Snake Pit
 55693 | Snake:4  | Offered knowledge of Ignition by Vehumet.
 55713 | Snake:4  | Got a serpentine rune of Zot
 56054 | Lair:1   | Learned a level 8 spell: Ignition
 56171 | Depths:1 | Entered Level 1 of the Depths
 57078 | D:15     | HP: 5/123 [fire giant (17)]
 57078 | D:15     | HP: 1/123 [fire giant (4)]
 57454 | D:15     | Found a portal to a secret trove of treasure.
 57656 | D:15     | Found a radiant altar of Vehumet.
 57784 | D:15     | Reached skill level 15 in Fighting
 57784 | D:15     | Reached skill level 15 in Conjurations
 58359 | Depths:1 | Found a gateway to Hell.
 58931 | Depths:1 | Blown up by a lich

Illustrated notes

Levels and vault maps discovered:
D:1:      matt_arrival_diagonals, layout_loops_cross
D:2:      layout_basic, ebering_ecumenical_altar_abandoned,
          hangedman_decor_diamond_cutter, grunt_ministairs_14
D:3:      layout_loops_ring, general_overflow_altar, serial_shops, shop,
          grunt_ministairs_9, lexackson_kobold_supper, uniq_crazy_yiuf_cottage
D:4:      cheibrodos_old_hovel, layout_basic, mainiacjoe_overflow_paths,
          kennysheep_minor_cross
D:5:      layout_cave_pools, nicolae_ossuary_entry_giza
D:6:      layout_rooms, minmay_temple_entry_drinking_statues
D:7:      layout_gridville, okawaru_gym_becter, serial_bayou_pond_d
D:8:      layout_rooms, lemuel_mausoleum_altar_yredelemnul, st_stairs_13
D:9:      layout_long_grid, bloody_trog,
          nicolae_dithmenos_through_a_glass_darkly, serial_shops,
          shop_fountains, kennysheep_flooded_box, nicolae_water_bricks
D:10:     layout_small_grid, tso_oasis_becter, kennysheep_little_box,
          nicolae_elyvilon_peaceful_grove, orc_0_dummy,
          minmay_misc_feat_diagonals
D:11:     layout_loops_ring, lair_entry_dummy, dk_noncrumbling_2, uniq_sonja
D:12:     layout_stronghold, drop_trap
D:13:     layout_long_grid
D:14:     layout_cave_pools, erik_vaults_1, gammafunk_ghost_berserking_beasts,
          portal_ice_cave_entry_dragon, kennysheep_small_square
D:15:     grunt_enter_depths_hoard, layout_loops_corners, fountainhead,
          gauntlet_entry_generic, enter_trove_2, grunt_ministairs_1,
          grunt_decor_mini_mirrors, vehumet_crystals
Temple:   nicolae_temple_figure_eight
Lair:1:   layout_regular_city, uniq_fannar, uniq_prince_ribbit2
Lair:2:   layout_regular_city, guppyfry_snake_entry_island, beast_lair_carwin_7
Lair:3:   layout_gridlike
Lair:4:   layout_loops_ring, nicolae_swamp_entry_splash_gauntlet, basic_altar,
          minmay_lindwurm_lava
Lair:5:   layout_gridlike, lemuel_fruit_fields, grunt_megastairs_1,
          infiniplex_staircase_pool_2
Lair:6:   hellmonk_lair_end_abyssal_woods, layout_cave_shapes, slime_altar_1,
          enter_volcano_1, serial_bayou_shore_a
Swamp:1:  layout_basic_swamp, nicolae_swamp_little_tower,
          infiniplex_staircase_pool, uniq_louise
Swamp:2:  layout_falls_marsh, evilmike_swamp_ruin_rubble_1, swamp_pool5
Swamp:3:  nzn_winding_woodlands_medium [nzn_winding_woodlands_5x5_checkerboard,
          nzn_winding_woodlands_5x15_twine, nzn_winding_woodlands_5x5_open_star,
          nzn_winding_woodlands_5x5_three,
          nzn_winding_woodlands_center_triple_pond,
          nzn_winding_woodlands_hourglass, nzn_winding_woodlands_5x5_cross,
          nzn_winding_woodlands_5x15_concentric,
          nzn_winding_woodlands_5x5_closed_star], layout_basic_swamp,
          serial_swamp_ruin, evilmike_swamp_ruin_house_6,
          evilmike_swamp_ruin_house_1, cheibrodos_swamp_minitomb, uniq_donald
Swamp:4:  swamp_vile, layout_basic_swamp
Snake:1:  layout_concentric_octagons, uniq_asterion
Snake:2:  layout_layer_cave, lemuel_fruit_tree, grunt_megastairs_2, uniq_aizul
Snake:3:  layout_cave_town, grunt_megastairs_3, uniq_roxanne
Snake:4:  snake_pit, layout_basic, st_stairs_8
Orc:1:    layout_caves, serial_shops, nicolae_shop_statue_plus, shop_statue,
          nicolae_shop_overcharged_wands, uniq_maurice
Orc:2:    st_orc_open, layout_caves, uniq_snorg
Depths:1: layout_cave_shapes, minmay_misc_feat_ornament,
          abyss_entry_small_statue_room, pf_coc_iceberg, lemuel_nasty_fountain
Depths:2: minmay_ornate_pinched, layout_cross, serial_bayou_lagoon_a,
          grunt_pan_entry_spiral, hell_entry,
          amcnicky_mini_rare_corridor_liquid, minmay_staircase_statues

Skill      XL: |  1  2  3  4  5  6  7  8  9 10 11 12 13 14 15 16 17 18 19 |
---------------+----------------------------------------------------------+-----
Transmutations | 1 2 |  2.4
Earth Magic    | 4 5 6 8 9 10 11 12 13 14 15 16 17 | 17.5
Fighting       | 1 2 3 4 5 6 7 8 10 11 12 13 14 15 | 15.0
Dodging        | 2 3 4 5 6 7 8 9 10 11 12 | 12.0
Staves         | 1 2 3 4 5 6 8 9 10 11 12 | 12.1
Conjurations   | 1 2 4 5 6 7 8 10 11 12 13 14 15 | 15.0
Evocations     | 1 2 3 4 5 6 |  6.0
Poison Magic   | 1 2 3 4 5 6 7 |  7.2
Summonings     | 2 3 |  3.0
Fire Magic     | 1 4 5 7 8 9 10 11 12 13 | 13.1
Spellcasting   | 3 4 5 6 7 8 |  8.0
Stealth        | 3 |  3.0
Armour         | 2 4 |  4.2

Action                   |  1- 3 |  4- 6 |  7- 9 | 10-12 | 13-15 | 16-18 | 19-21 || total
-------------------------+-------+-------+-------+-------+-------+-------+-------++-------
Melee: Dagger            |    16 |       |       |       |       |       |       ||    16
       Club              |     4 |       |       |       |       |       |       ||     4
       Unarmed           |     2 |       |       |       |       |       |       ||     2
       Punch             |     2 |     2 |     7 |     6 |     8 |     1 |       ||    26
       Staff             |    44 |   195 |   105 |    29 |   337 |   104 |     9 ||   823
       Short sword       |       |       |   192 |   179 |    20 |       |       ||   391
 Cast: Sandblast         |    16 |    21 |    55 |   113 |   154 |    99 |     4 ||   462
       Stone Arrow       |       |     4 |    54 |   177 |   614 |   266 |    20 ||  1135
       Mephitic Cloud    |       |       |     1 |    13 |    24 |     4 |       ||    42
       Foxfire           |       |       |       |     2 |       |       |       ||     2
       Starburst         |       |       |       |       |     6 |    11 |       ||    17
       Fulminant Prism   |       |       |       |       |     2 |       |       ||     2
       Iron Shot         |       |       |       |       |       |   452 |   169 ||   621
       Call Imp          |       |       |       |       |       |     4 |       ||     4
       Lee's Rapid Decon |       |       |       |       |       |     8 |    17 ||    25
Evoke: Wand              |       |       |       |    10 |    26 |    13 |       ||    49
  Use: Potion            |       |       |     1 |       |     2 |     5 |     4 ||    12
       Scroll            |       |       |     4 |     3 |    18 |    13 |     6 ||    44
 Stab: Sleeping          |     3 |     2 |     6 |     3 |     2 |     1 |       ||    17
       Distracted        |       |     1 |       |       |       |       |       ||     1
       Confused          |       |       |       |     3 |     6 |       |       ||     9
       Invisible         |       |       |       |       |       |     1 |       ||     1
Armor: Robe              |    15 |    89 |   163 |   148 |    92 |       |       ||   507
       Leather armour    |       |       |       |     6 |   163 |   213 |    39 ||   421
       Troll leather arm |       |       |       |       |    29 |     7 |       ||    36
Dodge: Dodged            |    45 |   153 |   267 |   266 |   687 |   504 |    96 ||  2018

Table legend: (Time is in decaauts)
 A = Elapsed time spent in this place.
 B = Non-inter-level travel time spent in this place.
 C = Inter-level travel time spent in this place.
 D = Time resting spent in this place.
 E = Time spent auto-exploring this place.
 F = Levels seen in this place.
 G = Mean time per level.
                   A        B        C        D        E       F      G
               +--------+--------+--------+--------+--------+-----+--------+
         Total |  59064 |  57348 |   1716 |  23279 |  12427 |  39 | 1514.5 |
       Dungeon |  22723 |  21743 |    980 |   7061 |   7644 |  15 | 1514.9 |
        Temple |    262 |    262 |      0 |      0 |    188 |   1 |  262.0 |
          Lair |  12033 |  11488 |    545 |   4540 |   1683 |   6 | 2005.5 |
         Swamp |   8220 |   8170 |     50 |   4242 |   1133 |   4 | 2055.0 |
     Snake Pit |   7470 |   7359 |    111 |   3142 |   1272 |   4 | 1867.5 |
  Orcish Mines |   2891 |   2863 |     28 |   1368 |    218 |   2 | 1445.5 |
        Depths |   1221 |   1221 |      0 |    620 |    148 |   2 |  610.5 |
         Abyss |     62 |     62 |      0 |     59 |      0 |   1 |   62.0 |
       Ossuary |    298 |    298 |      0 |     37 |     87 |   1 |  298.0 |
      Ice Cave |   2296 |   2296 |      0 |   1486 |     17 |   1 | 2296.0 |
       Volcano |    708 |    708 |      0 |    255 |      0 |   1 |  708.0 |
      Gauntlet |    875 |    875 |      0 |    467 |     37 |   1 |  875.0 |
               +--------+--------+--------+--------+--------+-----+--------+

Top non-repeatable levels by time:
    D:15: 3363 daAuts
 Swamp:3: 2845 daAuts
  Lair:4: 2605 daAuts
 Swamp:4: 2574 daAuts
 Snake:4: 2417 daAuts
   IceCv: 2296 daAuts
 Snake:3: 2262 daAuts
    D:11: 2240 daAuts
  Lair:2: 2169 daAuts
  Lair:5: 2074 daAuts
     D:4: 1881 daAuts
   Orc:1: 1849 daAuts
  Lair:6: 1805 daAuts
  Lair:1: 1798 daAuts
 Snake:2: 1737 daAuts
